Map: 机械城 - 天梯版

Players

Toodming - Winner!

  • Race: Zerg Zerg
  • League: Gold

eGGz

  • Race: Zerg Zerg
  • League: Master

Event: WESG 2018 Grand Finals

VOD

Have the link to the VOD?

Description

Time

  • Played on: March 12, 2019, 5:49 a.m.
  • Length: 8:40

All games in this series

Show
View Real Time Build Order
Export as new Build Order

Toodming Zerg - Winner!

Build Orders: Hatch First 

Get SALT Encoding   

  12  0:01  Drone  
  13  0:13  Overlord  
  13  0:18  Drone  
  14  0:32  Drone x2  
  16  0:50  Hatchery  
  16  0:53  Drone  
  16  0:56  Drone  
  17  0:59  Drone  
  18  1:10  Extractor  
  17  1:16  Spawning Pool  
  16  1:18  Drone  
  16  1:22  Drone  
  18  1:29  Drone  
  19  1:40  Overlord  
  19  1:50  Drone  
  20  2:03  Queen x2  
  20  2:04  Drone  
  20  2:05  Drone  
  26  2:10  Metabolic Boost  
  26  2:13  Drone  
  27  2:16  Drone  
  28  2:28  Zergling x2  
  28  2:29  Zergling x2  
  30  2:33  Zergling x2  
  30  2:34  Zergling x2  
  30  2:47  Baneling Nest  
  30  2:50  Overlord  
  30  2:51  Drone  
  30  2:58  Drone x2  
  32  3:16  Drone  
  32  3:17  Drone x2  
  35  3:21  Drone x2  
  35  3:24  Drone  
  38  3:28  Overlord  
  38  3:29  Drone  
  38  3:30  Drone x2  
  41  3:39  Overlord  
  41  3:47  Hatchery  
  40  3:55  Lair  
  40  3:58  Evolution Chamber  
  40  3:59  Extractor  
  40  4:01  Drone x2  
  40  4:05  Drone  
  40  4:06  Drone  
  40  4:09  Drone x2  
  44  4:13  Baneling x2  
  44  4:21  Roach Warren  
  43  4:25  Zerg Missile Weapons Level 1  
  43  4:26  Drone x2  
  43  4:27  Extractor  
  43  4:29  Drone  
  45  4:37  Zergling x8  
  49  4:41  Baneling x3  
  49  4:45  Zergling x4  
  50  4:51  Queen  
  51  5:02  Queen  
  51  5:04  Overlord x2  
  53  5:12  Nydus Network  
  53  5:13  Roach x4  
  59  5:23  Roach  
  59  5:24  Roach x3  
  67  5:31  Overlord  
  67  5:47  Queen  
  69  5:50  Nydus Canal  
  69  5:59  Roach  
  69  6:00  Roach x6  
  83  6:04  Nydus Canal  
  83  6:08  Roach  
  81  6:21  Roach  
  81  6:23  Roach  
  80  6:29  Spore Crawler  
  80  6:30  Spore Crawler  
  74  6:34  Queen x2  
  70  6:44  Roach x2  
  69  6:47  Roach x2  
  62  6:56  Drone x2  
  64  7:03  Spore Crawler  
  64  7:04  Spore Crawler  
  64  7:06  Roach x2  
  66  7:12  Queen  
  66  7:13  Queen  
  68  7:25  Roach  
  70  7:40  Overlord x2  
  70  7:42  Spore Crawler x2  
  70  7:43  Roach x2  
  71  8:00  Queen x2  
  71  8:02  Roach  
  75  8:10  Roach  
  75  8:12  Roach x3  
  71  8:16  Roach  
  71  8:17  Roach  
  69  8:20  Roach  
Show
View Real Time Build Order
Export as new Build Order

eGGz Zerg 

Build Orders: Pool First 

Get SALT Encoding   

  12  0:02  Drone  
  13  0:12  Overlord  
  13  0:17  Drone  
  14  0:31  Drone  
  14  0:34  Drone  
  16  0:41  Spawning Pool  
  15  0:46  Drone  
  16  1:01  Drone  
  17  1:12  Hatchery  
  17  1:15  Drone  
  17  1:21  Drone  
  18  1:29  Zergling x4, Extractor  
  19  1:36  Queen  
  19  1:39  Zergling x2  
  22  1:54  Overlord  
  22  2:05  Drone, Extractor  
  23  2:14  Drone  
  24  2:24  Queen x2  
  24  2:26  Drone x2  
  30  2:33  Drone  
  30  2:35  Drone  
  32  2:43  Drone x2  
  33  2:48  Drone x2  
  33  2:50  Metabolic Boost  
  35  3:01  Overlord  
  35  3:07  Lair  
  35  3:17  Spine Crawler, Drone  
  35  3:19  Drone x2  
  38  3:20  Drone  
  38  3:33  Zergling x6  
  41  3:41  Drone x3  
  43  3:44  Overlord  
  43  3:46  Drone, Extractor  
  43  3:48  Drone, Extractor  
  44  4:04  Zergling x6  
  44  4:06  Hatchery  
  44  4:09  Zergling x4  
  48  4:21  Drone  
  48  4:22  Overlord  
  48  4:23  Drone x3, Extractor  
  51  4:35  Spire, Drone  
  51  4:36  Drone  
  50  4:47  Drone x2  
  50  4:51  Drone  
  51  4:53  Drone  
  51  4:54  Drone  
  51  4:55  Drone  
  51  4:58  Spore Crawler  
  53  5:09  Overlord  
  53  5:14  Drone x3  
  53  5:15  Overlord  
  53  5:16  Overlord  
  56  5:36  Drone x2  
  56  5:42  Extractor  
  57  5:46  Extractor  
  57  5:48  Mutalisk x5  
  57  5:49  Mutalisk x3  
  72  5:57  Spine Crawler  
  71  5:58  Mutalisk  
  71  5:59  Zergling x2  
  71  6:00  Zergling x4  
  65  6:18  Zergling x8  
  65  6:24  Zergling x6  
  64  6:28  Mutalisk  
  66  6:35  Zergling x4  
  62  6:50  Zergling x8  
  64  6:59  Mutalisk  
  65  7:06  Mutalisk x2  
  69  7:10  Mutalisk  
  71  7:20  Zergling x10  
  71  7:21  Zergling x2  
  75  7:36  Mutalisk  
  72  7:40  Zergling x10  
  72  7:41  Zergling x2  
  79  7:49  Mutalisk  
  81  7:51  Zergling x6  
  81  7:52  Zergling x4  
  82  7:59  Zergling x8  
  64  8:14  Zergling x14  
Tags
 
Add a new tag
Caveats
  • Supply blocks, unpowered buildings, or Contaminate may cause inaccurate times.
  • Supply counts are checked every 10 seconds.